 Dungeon Crawl Stone Soup version 0.32-a0-422-g28b100f618 (webtiles) character file.

Game seed: 3930368306723462537

329 sanka the Chopper (level 6, 0/39 (44) HPs)
             Began as a Coglin Gladiator on Feb 21, 2024.
             Slain by a wight
             ... wielding a +3 flail
              (1 damage)
             ... on level 4 of the Dungeon.
             The game lasted 00:04:05 (2231 turns).

sanka the Chopper (Coglin Gladiator)                Turns: 2231, Time: 00:04:06

HP:   0/39 (44)     AC: 11    Str: 17    XL:     6   Next: 51%
MP:   6/6           EV:  8    Int:  7    God:
Gold: 151           SH:  0    Dex: 15    Spells: 5/5 levels left

rFire   . . .        a - +0 war axe {Jia}
rCold   . . .        (no shield)
rNeg    . . .        v - +0 chain mail
rPois   .            c - +0 helmet
rElec   .            p - +0 cloak
rCorr   .            r - +0 pair of gloves
SInv    .            (no boots)
Will    .....        (no amulet) Stlth
                     (no ring)
HPRegen 0.26/turn    (no ring)
MPRegen 0.10/turn

%: no passive effects
@: immotile, heavily drained, revved
A: off-hand wielding, slow wielding, warmup strikes, legs shutdown
a: no special abilities


You were on level 4 of the Dungeon.
You visited 1 branch of the dungeon, and saw 4 of its levels.

You collected 151 gold pieces.


Innate Abilities, Weirdness & Mutations

You can wield a second weapon in your off-hand.
It takes a long time for you to wield or remove held weapons.
Your first few attacks do less damage.
Attacking and casting redirects power from your legs.


   Skills:
 - Level 2.0 Fighting
 + Level 7.1 Axes
 - Level 1.7 Throwing
 - Level 2.6 Dodging


You had 5 spell levels left.
You didn't know any spells.
Your spell library contained the following spells:

 Spells                   Type           Power      Damage    Failure   Level
 Call Canine Familiar     Summ           0%         N/A       100%        3
 Sigil of Binding         Hex            0%         N/A       100%        3
 Dimensional Bullseye     Hex/Tloc       0%         N/A       100%        4

Inventory:

Hand Weapons
 a - a +0 war axe (weapon) {Jia}
Missiles
 d - 3 throwing nets (quivered) {=f}
 e - a javelin
Armour
 c - a +0 helmet (worn)
 p - a +0 cloak (worn)
 r - a +0 pair of gloves (worn)
 v - a +0 chain mail (worn)
Scrolls
 b - 2 scrolls of identify {unknown}
 f - 4 scrolls of fog {unknown}
 j - 3 scrolls of teleportation {unknown}
 k - a scroll of poison {unknown}
 n - 2 scrolls of enchant weapon {unknown}
 q - a scroll of enchant armour {unknown}
 u - a scroll of immolation {unknown}
Potions
 g - a potion of might {unknown}
 h - a potion of ambrosia {unknown}
 i - a potion of experience {unknown}
 l - 3 potions of attraction {unknown}
 m - 2 potions of enlightenment {unknown}
 o - a potion of degeneration {unknown}
 s - a potion of brilliance {unknown}
 t - a potion of mutation {unknown}

Dungeon Overview and Level Annotations

Branches:
Dungeon (4/15)
 Temple: D:4-7

Altars:

▒▒▒.... ▒. ▒.
...... .
▒.▒▒.?▒.▒▒.▒▒▒
....$.......
▒.▒.........
.....>▒.▒.▒▒▒
▒..)z......
▒▒▒▒▒▒..g▒▒▒.▒
▒...........<▒
..▒▒▒......▒▒▒
▒......+.▒
▒......▒.▒
▒▒▒▒'▒▒▒.▒▒▒▒▒
▒.........▒
▒.........▒ ▒
▒.........▒


You could see a wight.


Message History

You hit the wight.
The wight is severely damaged.
The wight hits you with a +3 flail.
* * * LOW HITPOINT WARNING * * *
You feel drained.
Unknown command.
You hit the wight but do no damage.
The wight is severely damaged.
The wight barely misses you. The wight barely misses you.
Unknown command.
You barely miss the wight.
The wight is severely damaged.
The wight hits you with a +3 flail.
* * * LOW HITPOINT WARNING * * *
You feel drained.
You hit the wight but do no damage.
The wight is severely damaged.
The wight hits you with a +3 flail.
* * * LOW HITPOINT WARNING * * *
You feel drained.
You closely miss the wight.
The wight is severely damaged.
The wight completely misses you.
You barely miss the wight.
The wight is severely damaged.
The wight hits you with a +3 flail.
* * * LOW HITPOINT WARNING * * *
You feel drained.
You die...

Action                     |  1- 3 |  4- 6 || total
---------------------------+-------+-------++-------
  Melee: War axe           |    66 |   119 ||   185
   Stab: Sleeping          |     2 |     1 ||     3
 Armour: Leather armour    |    43 |    27 ||    70
         Scale mail        |       |    35 ||    35
         Chain mail        |       |    14 ||    14
  Dodge: Dodged            |    61 |    72 ||   133

Levels and vault maps discovered:
D:1:      hellmonk_arrival_library, layout_rooms, minmay_misc_feat_doors,
          interstate_on_off
D:2:      layout_basic
D:3:      layout_basic
D:4:      layout_basic, jmf_multi_god_temple2, minmay_temple_entry_stoned_glass,
          hangedman_decor_growths

Notes
Turn   | Place    | Note
-------+----------+-------------------------------------------
     0 | D:1      | sanka the Coglin Gladiator began the quest for the Orb.
     0 | D:1      | Reached XP level 1. HP: 16/16 MP: 1/1
   121 | D:1      | Reached XP level 2. HP: 22/22 MP: 2/2
   226 | D:1      | Reached skill level 4 in Axes
   301 | D:1      | Reached XP level 3. HP: 27/27 MP: 3/3
   772 | D:2      | Reached XP level 4. HP: 25/33 MP: 4/4
   819 | D:2      | Reached skill level 5 in Axes
  1079 | D:2      | Reached XP level 5. HP: 18/38 MP: 5/5
  1588 | D:3      | Reached skill level 6 in Axes
  1773 | D:3      | Noticed a black bear
  1783 | D:3      | Killed a black bear
  1784 | D:3      | Reached XP level 6. HP: 37/44 MP: 6/6
  2224 | D:4      | Reached skill level 7 in Axes
  2231 | D:4      | HP: 1/40 [wight/+3 flail (6)]
  2231 | D:4      | Slain by a wight

Vanquished Creatures
  A black bear (D:3)
  A wight (D:4)
  3 gnolls (D:3)
  3 adders (D:2)
  5 dart slugs
  2 ribbon worms
  5 ball pythons
  3 bats
  An endoplasm (D:1)
  3 giant cockroaches
  5 goblins
  10 hobgoblins
  6 jackals
  6 kobolds
  3 quokkas
  6 frilled lizards
  6 rats
69 creatures vanquished.
